 Dungeon Crawl Stone Soup version 0.29-a0-194-g6e3aafee17 (webtiles) character file.

Game seed: 5602836666766702511

278340 dolemite99 the Sharpshooter (level 20, -12/154 (159) HPs)
             Began as a Gnoll Hunter on Feb 22, 2022.
             Was an Elder of Qazlal.
             Killed from afar by a tengu reaver (19 damage)
             ... with a bolt of negative energy
             ... on level 3 of the Vaults.
             The game lasted 02:12:31 (63782 turns).

dolemite99 the Sharpshooter (Gnoll Hunter)         Turns: 63782, Time: 02:12:31

HP:   -12/154 (159) AC: 23    Str: 15    XL:     20   Next: 82%
MP:   4/37          EV: 17    Int: 13    God:    Qazlal [****..]
Gold: 306           SH: 18    Dex: 16    Spells: 3/46 levels left

rFire   + + .      SeeInvis +   r - +2 trident (vamp)
rCold   + + .      Faith    +   H - +0 kite shield {reflect}
rNeg    . . .      Spirit   .   I - +5 ring mail {rF+}
rPois   +          Reflect  +   V - +2 helmet {SInv}
rElec   +          Harm     .   e - scarf {+Inv}
rCorr   +          Rampage  .   U - +2 pair of gloves {hurl}
Will    +....                   Q - +2 pair of boots
Stlth   +++.......              F - amulet of faith
HPRegen 0.35/turn               z - +4 ring of protection {=R}
MPRegen 0.25/turn               R - ring of protection from cold

@: resistant, corroded, studying Ice Magic, lightly drained, repel missiles
A: fangs 1, strong nose, distributed training
}: 1/15 runes: decaying
a: Renounce Religion, Evoke Invisibility, Upheaval, Elemental Force


You were on level 3 of the Vaults.
You worshipped Qazlal.
Qazlal was greatly pleased with you.
You visited 6 branches of the dungeon, and saw 33 of its levels.
You also visited: Sewer, Ossuary and Volcano.

You collected 3626 gold pieces.
You spent 3320 gold pieces at shops.

Inventory:

Hand Weapons
 a - a +9 vorpal hand crossbow
 c - a +2 dagger of venom
 i - a +2 broad axe of freezing
 l - a +1 demon trident of electrocution
 r - a +2 vampiric trident (weapon)
 s - the +11 long sword of Sunlight {vorpal, Dex+4}
   (You found it on level 6 of the Dungeon)

   It inflicts extra damage upon your enemies.
   Dex:       It affects your dexterity (+4).
 w - the +10 war axe of Ruination {freeze, rF+ rCorr Int+10 Stlth-}
   (You found it on level 2 of the Spider Nest)

   It freezes those it strikes, dealing additional cold damage.
   It can also slow down cold-blooded creatures.
   Int:       It affects your intelligence (+10).
   rF:        It protects you from fire.
   rCorr:     It protects you from acid and corrosion.
   Stlth:     It makes you less stealthy.
Missiles
 y - a throwing net (quivered)
Armour
 e - a scarf of invisibility (worn)
 H - a +0 kite shield of reflection (worn)
 I - a +5 ring mail of fire resistance (worn)
 Q - a +2 pair of boots (worn)
 U - a +2 pair of gloves of hurling (worn)
 V - a +2 helmet of see invisible (worn)
Magical Staves
 b - a staff of poison
 G - a staff of cold
 P - a staff of air
Jewellery
 m - a ring of wizardry
 p - a ring of poison resistance
 z - a +4 ring of protection (left hand) {=R}
 A - a ring of protection from fire
 C - a ring of willpower
 F - an amulet of faith (around neck)
 J - a ring of resist corrosion
 O - a +6 ring of intelligence
 R - a ring of protection from cold (right hand)
Wands
 g - a wand of charming (10)
 h - a wand of paralysis (5)
 M - a wand of polymorph (10)
 X - a wand of digging (8)
Scrolls
 f - 4 scrolls of magic mapping
 L - 6 scrolls of blinking
 T - 2 scrolls of fog
 Y - a scroll of silence
 Z - 14 scrolls of identify {@r1}
Potions
 j - 4 potions of haste
 n - 7 potions of flight
 o - 2 potions of ambrosia
 t - 8 potions of might
 v - a potion of berserk rage
 x - 5 potions of brilliance
 B - 12 potions of attraction
 D - 11 potions of mutation
 N - a potion of resistance
 W - 6 potions of lignification
Miscellaneous
 q - a lightning rod (inert)
 u - a phantom mirror
 E - a phial of floods (inert)
 S - a phantom mirror


   Skills:
 + Level 14.2 Fighting
 + Level 13.5 Short Blades
 + Level 13.5 Long Blades
 + Level 13.5 Axes
 + Level 13.5 Maces & Flails
 + Level 13.5 Polearms
 + Level 13.5 Staves
 + Level 13.5 Slings
 + Level 13.5 Bows
 + Level 15.7 Crossbows
 + Level 13.5 Throwing
 + Level 13.5 Armour
 + Level 14.2 Dodging
 + Level 13.7 Stealth
 + Level 13.5 Shields
 + Level 13.5 Unarmed Combat
 + Level 13.5 Spellcasting
 + Level 11.4 Conjurations
 + Level 11.4 Hexes
 + Level 11.4 Summonings
 + Level 11.4 Necromancy
 + Level 11.4 Translocations
 + Level 11.4 Transmutations
 + Level 11.4 Fire Magic
 + Level 15.4 Ice Magic
 + Level 11.4 Air Magic
 + Level 11.4 Earth Magic
 + Level 11.4 Poison Magic
 + Level 14.6 Invocations
 + Level 13.5 Evocations


You had 3 spell levels left.
You knew the following spells:

 Your Spells              Type           Power      Damage    Failure   Level
a - Frozen Ramparts       Ice            98%        1d11      1%          3
b - Mephitic Cloud        Conj/Pois/Air  38%        N/A       1%          3
c - Fulminant Prism       Conj/Hex       19%        3d11      2%          4
d - Sticky Flame          Conj/Fire      38%        2d6       2%          4
e - Freezing Cloud        Conj/Ice/Air   21%        6-21      3%          5
f - Dispel Undead         Necr           38%        3d16      2%          4
g - Apportation           Tloc           76%        N/A       1%          1
h - Death Channel         Necr           19%        N/A       32%         6
i - Animate Dead          Necr           19%        N/A       2%          4
j - Iskenderun's Mystic   Conj/Tloc      38%        2d9       2%          4
k - Manifold Assault      Tloc           38%        N/A       6%          5

Your spell library contained the following spells:

 Spells                   Type           Power      Damage    Failure   Level
 Magic Dart               Conj           100%       1d8       1%          1
 Sandblast                Erth           76%        2d16      1%          1
 Shock                    Conj/Air       100%       1d9       1%          1
 Call Imp                 Summ           38%        N/A       1%          2
 Corpse Rot               Necr/Air       76%        N/A       1%          2
 Passwall                 Tmut/Erth      31%        N/A       1%          2
 Searing Ray              Conj           76%        2d7       1%          2
 Confusing Touch          Hex            38%        N/A       1%          3
 Dazzling Flash           Conj/Hex       76%        N/A       1%          3
 Ignite Poison            Fire/Tmut/Pois 38%        N/A       1%          3
 Lesser Beckoning         Tloc           38%        N/A       1%          3
 Ozocubu's Armour         Ice            49%        N/A       1%          3
 Stone Arrow              Conj/Erth      76%        3d11      1%          3
 Ice Form                 Ice/Tmut       43%        N/A       1%          4
 Summon Ice Beast         Ice/Summ       43%        N/A       1%          4
 Alistair's Intoxication  Tmut/Pois      25%        N/A       6%          5
 Iskenderun's Battlesphe  Conj           38%        2d9       6%          5
 Yara's Violent Unravell  Hex/Tmut       19%        3d9       6%          5
 Simulacrum               Ice/Necr       21%        N/A       14%         6
 Dispersal                Tloc           19%        N/A       32%         6
 Starburst                Conj/Fire      19%        6d7       32%         6
 Ozocubu's Refrigeration  Ice            24%        4d9       34%         7
 Enfeeble                 Hex            19%        N/A       88%         7
 Haunt                    Necr/Summ      19%        N/A       88%         7
 Disjunction              Tloc           19%        N/A       100%        8
 Infestation              Necr           19%        N/A       100%        8
 Polar Vortex             Ice            24%        N/A       100%        9


Dungeon Overview and Level Annotations

Branches:
Dungeon (15/15)            Temple (0/1) D:5            Lair (6/6) D:9
  Swamp (4/4) Lair:2       Spider (3/4) Lair:2        Slime (0/5) Lair:6
    Orc (2/2) D:11            Elf (0/3) Orc:2        Vaults (3/5) D:14
  Crypt (0/3) Vaults:2     Depths (0/4) D:15          Sewer (visited)
Ossuary (visited)         Volcano (visited)

Altars:
Ashenzari
Dithmenos
Elyvilon
Gozag
Hepliaklqana
Kikubaaqudgha
Nemelex Xobeh
Okawaru
Qazlal
Ru
Yredelemnul
Zin
The Shining One

Shops:
D:9 (   Orc:1 *   Orc:2 ?[[!   Vaults:2 =:

Annotations:
D:9 exclusions: obsidian statue and orange crystal statue
Lair:4 1 runed translucent door, Lesmeliq's ghost, journeyman HuWn
Spider:3 Mara


Innate Abilities, Weirdness & Mutations

You have very sharp teeth.
Your uncanny sense of smell can sniff out nearby items.
Your experience applies equally to all skills.


Message History

The ironbound preserver seems to grow stronger.
The ironbound preserver hits you with a +0 mace!
* * * LOW HITPOINT WARNING * * *
Casting: Sticky Flame (mildly dangerous; 2% risk of failure)
Confirm with . or Enter, or press ? or * to list all spells.
Aiming: Sticky Flame (mildly dangerous; 2% risk of failure)
Press: ? - help, Shift-Dir - straight line, f - ironbound preserver
Aim: an ironbound preserver, wielding a +0 mace and wearing a +0 leather armour (moderately wounded, strong, 100% to hit)
The sticky flame hits the ironbound preserver.
The ironbound preserver is heavily wounded.
The ironbound preserver is covered in liquid flames!
The ironbound preserver burns!
The ironbound convoker zaps a wand.
The bolt of acid misses you.
The ironbound preserver hits you with a +0 mace.
* * * LOW HITPOINT WARNING * * *
Okay, then.
The ironbound preserver burns!
You block the ironbound preserver's attack.
Casting: Sticky Flame (mildly dangerous; 2% risk of failure)
Confirm with . or Enter, or press ? or * to list all spells.
Aiming: Sticky Flame (mildly dangerous; 2% risk of failure)
Press: ? - help, Shift-Dir - straight line, f - tengu reaver, p - ironbound preserver
Aim: a tengu reaver, wielding a +3 long sword of flaming, wearing a +0 ring mail and wearing a +0 buckler (strong, 100% to hit)
The sticky flame hits the tengu reaver.
The tengu reaver is lightly wounded.
The tengu reaver is covered in liquid flames!
The ironbound preserver burns!
The ironbound preserver stops burning.
The tengu reaver burns!
You block the tengu reaver's attack. The tengu reaver closely misses you.
The tengu reaver claws you!
* * * LOW HITPOINT WARNING * * *
You feel protected.
The sentinel's mark upon you fades away.
The tengu reaver burns!
The ironbound convoker zaps a wand.
The bolt of acid hits you! You resist.
* * * LOW HITPOINT WARNING * * *
The ironbound preserver casts a spell.
The ironbound preserver is healed somewhat.
The tengu reaver gestures at you while chanting.
The bolt of negative energy hits you!!
You feel drained.
You die...

######## #.......#
#......######'#####
#.####.#......#
#....#.#......#
#.#..#.#......#
#.#....#..°÷p.#
#.####.'...§..#
#......#...Q§.#
########..○p@.#
#[##########
#.(........#
#..........#
#########..........#
#......##..........#
#......##..........#
#......##.........^#
#......##..........#


You could see an ironbound preserver (strong), a tengu reaver (strong, burning)
and an ironbound convoker.

Vanquished Creatures
  A golden dragon (Vaults:3)
  Nikola (Vaults:1)
  2 tentacled monstrosities
  Asterion (Vaults:1)
  2 sphinxes
  A thorn hunter (Swamp:4)
  A fenstrider witch (Swamp:3)
  Donald (Spider:2)
  An orc warlord (Vaults:3)
  3 emperor scorpions
  Aizul (Vaults:1)
  9 vault wardens
  3 ironbound preservers
  A ghoul (Swamp:1)
  A very ugly thing (Vaults:1)
  2 stone giants
  5 ironbound thunderhulks
  6 entropy weavers
  Azrael (Spider:1)
  A red draconian (Volcano)
  5 eleionomae (Swamp:3)
  5 bunyips
  An eidolon (Vaults:2)
  3 dire elephants (Vaults:2)
  2 great orbs of eyes (Vaults:1)
  A fire dragon (D:15)
  A shambling mangrove (Swamp:4)
  2 yaktaur captains
  Erolcha (D:11)
  26 hydras
  A vault guard (Vaults:2)
  4 boulder beetles
  2 ghost crabs
  3 ironbound frosthearts
  4 two-headed ogres
  5 centaur warriors
  2 dancing weapons (D:14)
  A deep troll shaman (Lair:6)
  An alligator (Swamp:4)
  7 death yaks
  A tengu warrior (D:14)
  4 orc high priests (Orc:2)
  A spriggan berserker (Swamp:4)
  2 salamander mystics (Volcano)
  2 pharaoh ants
  8 swamp dragons
  A steelbarb worm (Spider:1)
  2 orb spiders
  4 spriggan druids
  7 orc knights
  5 deep trolls (Vaults:1)
  8 bog bodies
  4 deep elf pyromancers
  2 phantasmal warriors
  5 ironbound convokers
  4 wizards
  9 lindwurms
  A spectral boulder beetle (D:11)
  3 moths of wrath
  23 ugly things
  2 salamanders (Volcano)
  2 will-o-the-wisps (Swamp:1)
  4 manticores
  A spectral centaur (D:11)
  6 cyclopes
  16 wolf spiders
  22 elephants
  2 black mambas
  6 gargoyles
  9 vault sentinels
  5 molten gargoyles (Volcano)
  3 torpor snails
  3 centaur skeletons (D:11)
  16 cane toads
  18 yaktaurs
  2 demonic crawlers
  A freezing wraith (D:15)
  8 komodo dragons
  A rime drake (Lair:3)
  3 meliai (Spider:1)
  6 trolls
  A polar bear (Lair:6)
  26 slime creatures
  5 tarantellas
  2 tyrant leeches
  7 hornets
  23 blink frogs
  14 dream sheep
  Grinder (D:4)
  7 culicivoras
  3 spectral black mambas (D:11)
  23 jumping spiders
  A culicivora (shapeshifter) (D:14)
  11 flying skulls
  5 shadows
  2 vampires
  49 yaks
  10 spriggans
  5 wyverns
  2 basilisks
  Eustachio (D:6)
  7 wraiths
  A fire elemental (Spider:2)
  Grum (D:10)
  36 redbacks
  9 vampire mosquitoes
  Menkaure (D:6)
  An acid dragon (D:12)
  Edmund (D:6)
  8 wargs
  8 swamp worms
  17 water moccasins
  Duvessa (D:5)
  2 hell hounds
  21 orc warriors
  2 sky beasts
  3 black bears
  8 swamp drakes
  2 ice beasts
  24 wolves
  2 black mamba simulacra (D:11)
  A necrophage (Swamp:2)
  A boulder beetle simulacrum (D:11)
  7 ogres
  21 centaurs
  A phantom (D:6)
  8 bullfrogs
  6 kobold brigands
  6 scorpions
  5 gnoll sergeants (D:11)
  2 wyvern zombies
  Dowan (D:5)
  12 killer bees
  4 electric eels (Lair:2)
  14 wights
  5 howler monkeys
  5 jellies
  5 centaur zombies
  2 bullfrog zombies
  A gnoll shaman (D:8)
  22 orc priests
  5 hounds
  Jessica (D:3)
  25 orc wizards
  Terence (D:2)
  An iguana (D:5)
  6 hell rats
  8 mummies (Ossuary)
  2 howler monkey zombies
  17 gnolls
  3 river rats (Sewer)
  14 adders
  2 shadow imps
  2 white imps
  An adder skeleton (D:2)
  9 worms
  A dart slug (D:2)
  64 orcs
  7 endoplasms
  2 giant cockroaches (D:3)
  A gnoll zombie (Ossuary)
  3 goblins
  4 hobgoblins
  3 jackals (Sewer)
  2 quokkas (D:3)
  5 ball pythons
  5 bats
  4 frilled lizards
  A hobgoblin zombie (Ossuary)
  10 kobolds
  2 kobold zombies (Ossuary)
  4 orc zombies (Ossuary)
  3 rats
  A briar patch (Swamp:4)
1054 creatures vanquished.

Vanquished Creatures (collateral kills)
  Arachne (Spider:3)
  A vault warden (Vaults:2)
  2 orc warlords
  A ghoul (Swamp:2)
  6 very ugly things
  An ironbound preserver (Vaults:1)
  An ironbound thunderhulk (Vaults:1)
  An entropy weaver (Spider:3)
  Snorg (Orc:1)
  Fannar (D:10)
  8 hydras
  2 ironbound frosthearts
  A catoblepas (Lair:6)
  A two-headed ogre (D:8)
  A death yak (Lair:6)
  7 deep trolls (Vaults:1)
  A goliath frog (Swamp:1)
  A spriggan druid (Swamp:2)
  2 orb spiders
  3 swamp dragons
  2 bog bodies (Swamp:3)
  An ironbound convoker (Vaults:1)
  2 wizards
  2 deep elf pyromancers
  A lindwurm (Vaults:2)
  2 wolf spiders (Spider:2)
  5 ugly things
  An orc sorcerer (Orc:2)
  2 vault sentinels
  A black mamba (Lair:6)
  A freezing wraith (D:14)
  A yaktaur (Vaults:1)
  A troll (shapeshifter) (Spider:3)
  2 tyrant leeches
  4 tarantellas
  4 slime creatures
  4 culicivoras
  4 jumping spiders
  2 spriggans (Swamp:2)
  2 fire elementals (Spider:2)
  2 redbacks (Spider:2)
  2 vampire mosquitoes (Swamp:1)
  4 swamp worms
  A water moccasin (Lair:6)
  A swamp drake (Swamp:4)
  5 orc warriors (Orc:1)
  A necrophage (Swamp:2)
  An ogre (Orc:1)
  A wolf (Lair:5)
  A bullfrog (Lair:1)
  2 killer bees (D:9)
  4 orc priests (Orc:1)
  2 hell rats (Lair:5)
  6 orc wizards (Orc:1)
  A howler monkey zombie (D:9)
  8 orcs (Orc:1)
129 creatures vanquished.

Vanquished Creatures (others)
  A very ugly thing (Vaults:1)
  A bunyip (Swamp:1)
  A pharaoh ant (Spider:3)
  2 ugly things
  A bloated husk (Swamp:1)
  2 tarantellas (Spider:3)
  A tyrant leech (Swamp:4)
  A redback (Spider:3)
  2 briar patches (Swamp:4)
  18 foxfires (Swamp:1)
  7 fulminant prisms (Vaults:2)
  75 fungi
  102 plants
214 creatures vanquished.

Grand Total: 1397 creatures vanquished

Notes
Turn   | Place    | Note
-------+----------+-------------------------------------------
     0 | D:1      | dolemite99 the Gnoll Hunter began the quest for the Orb.
     0 | D:1      | Reached XP level 1. HP: 20/20 MP: 1/1
    64 | D:1      | Found a faded altar of an unknown god.
    73 | D:1      | Prayed at the altar of an unknown god.
    73 | D:1      | Became a worshipper of Qazlal Stormbringer
    73 | D:1      | Reached * piety under Qazlal
   622 | D:1      | Reached XP level 2. HP: 26/26 MP: 2/2
  1365 | D:2      | Reached XP level 3. HP: 31/31 MP: 2/4
  1477 | D:2      | Reached skill level 1 in Invocations
  1593 | D:2      | Noticed Terence
  1603 | D:2      | Killed Terence
  1604 | D:2      | Reached skill level 1 in Short Blades
  1604 | D:2      | Reached skill level 1 in Long Blades
  1604 | D:2      | Reached skill level 1 in Axes
  1604 | D:2      | Reached skill level 1 in Maces & Flails
  1604 | D:2      | Reached skill level 1 in Polearms
  1604 | D:2      | Reached skill level 1 in Staves
  1604 | D:2      | Reached skill level 1 in Slings
  1604 | D:2      | Reached skill level 1 in Bows
  1604 | D:2      | Reached skill level 1 in Throwing
  1604 | D:2      | Reached skill level 1 in Armour
  1604 | D:2      | Reached skill level 1 in Shields
  1604 | D:2      | Reached skill level 1 in Unarmed Combat
  1604 | D:2      | Reached skill level 1 in Spellcasting
  1604 | D:2      | Reached skill level 1 in Evocations
  1604 | D:2      | Reached XP level 4. HP: 36/38 MP: 5/5
  1952 | D:3      | Reached skill level 1 in Conjurations
  1952 | D:3      | Reached skill level 1 in Hexes
  1952 | D:3      | Reached skill level 1 in Summonings
  1952 | D:3      | Reached skill level 1 in Necromancy
  1952 | D:3      | Reached skill level 1 in Translocations
  1952 | D:3      | Reached skill level 1 in Transmutations
  1952 | D:3      | Reached skill level 1 in Fire Magic
  1952 | D:3      | Reached skill level 1 in Ice Magic
  1952 | D:3      | Reached skill level 1 in Air Magic
  1952 | D:3      | Reached skill level 1 in Earth Magic
  1952 | D:3      | Reached skill level 1 in Poison Magic
  1995 | D:3      | Reached ** piety under Qazlal
  2073 | D:3      | Found a glowing drain.
  2077 | Sewer    | Entered a sewer
  2125 | Sewer    | Reached XP level 5. HP: 43/43 MP: 5/7
  2206 | Sewer    | Noticed a kobold brigand
  2222 | Sewer    | Killed a kobold brigand
  2325 | Sewer    | Noticed a kobold brigand
  2329 | Sewer    | Killed a kobold brigand
  2330 | Sewer    | Reached XP level 6. HP: 50/50 MP: 8/8
  2461 | Sewer    | Reached skill level 5 in Fighting
  2461 | Sewer    | Reached skill level 5 in Dodging
  3032 | D:3      | Noticed Jessica
  3037 | D:3      | Killed Jessica
  3149 | D:3      | Found a sparkling altar of Nemelex Xobeh.
  3249 | D:4      | Noticed Grinder
  3250 | D:4      | Paralysed by Grinder for 5 turns
  3282 | D:4      | Paralysed by Grinder for 5 turns
  3286 | D:4      | Killed Grinder
  3287 | D:4      | Reached XP level 7. HP: 48/56 MP: 10/10
  3530 | D:4      | Learned a level 2 spell: Corpse Rot
  3789 | D:4      | Learned a level 1 spell: Apportation
  3836 | D:4      | Found an opulent altar of Gozag.
  4101 | D:4      | Reached XP level 8. HP: 63/63 MP: 12/12
  4303 | D:5      | Entered Level 5 of the Dungeon
  4342 | D:5      | Noticed Duvessa
  4342 | D:5      | Noticed Dowan
  4357 | D:5      | Killed Duvessa
  4368 | D:5      | Killed Dowan
  4664 | D:5      | Found a broken altar of Ashenzari.
  4813 | D:5      | Found a staircase to the Ecumenical Temple.
  5185 | D:6      | Noticed a vampire
  5187 | D:6      | Found an ancient bone altar of Kikubaaqudgha.
  5189 | D:6      | Found a transporter.
  5203 | D:6      | Found a transporter.
  5217 | D:6      | Found a basalt altar of Yredelemnul.
  5221 | D:6      | Noticed Menkaure
  5246 | D:6      | Noticed Edmund
  5257 | D:6      | Killed Edmund
  5461 | D:6      | Noticed Eustachio
  5472 | D:6      | Killed Eustachio
  5473 | D:6      | Reached XP level 9. HP: 66/69 MP: 14/14
  5708 | D:6      | Found a hazy altar of Hepliaklqana.
  5768 | D:6      | Found a glowing silver altar of Zin.
  5770 | D:6      | Found a sacrificial altar of Ru.
  5784 | D:6      | Found a stormy altar of Qazlal.
  5927 | D:6      | Found a shadowy altar of Dithmenos.
  6606 | D:7      | Reached skill level 5 in Stealth
  6611 | D:7      | Found a sand-covered staircase.
  6617 | Ossuary  | Entered an ossuary
  6625 | Ossuary  | Reached *** piety under Qazlal
  6925 | D:7      | Found a white marble altar of Elyvilon.
  7068 | D:7      | Reached skill level 5 in Invocations
  7837 | D:8      | Reached XP level 10. HP: 66/77 MP: 17/17
  7856 | D:8      | Reached skill level 5 in Short Blades
  7856 | D:8      | Reached skill level 5 in Long Blades
  7856 | D:8      | Reached skill level 5 in Axes
  7856 | D:8      | Reached skill level 5 in Maces & Flails
  7856 | D:8      | Reached skill level 5 in Polearms
  7856 | D:8      | Reached skill level 5 in Staves
  7856 | D:8      | Reached skill level 5 in Slings
  7856 | D:8      | Reached skill level 5 in Bows
  7856 | D:8      | Reached skill level 10 in Crossbows
  7856 | D:8      | Reached skill level 5 in Throwing
  7856 | D:8      | Reached skill level 5 in Armour
  7856 | D:8      | Reached skill level 5 in Shields
  7856 | D:8      | Reached skill level 5 in Unarmed Combat
  7856 | D:8      | Reached skill level 5 in Spellcasting
  7856 | D:8      | Reached skill level 5 in Evocations
  7864 | D:8      | Noticed a two-headed ogre
  7956 | D:8      | Reached skill level 5 in Ice Magic
  8119 | D:8      | Reached **** piety under Qazlal
  9093 | D:8      | Killed a two-headed ogre
  9918 | D:9      | Noticed an elephant
  9930 | D:9      | Killed an elephant
  9939 | D:9      | Reached XP level 11. HP: 63/84 MP: 19/19
 10033 | D:9      | Found a staircase to the Lair.
 10066 | D:9      | Found an iron altar of Okawaru.
 10173 | D:9      | Reached skill level 5 in Conjurations
 10173 | D:9      | Reached skill level 5 in Hexes
 10173 | D:9      | Reached skill level 5 in Summonings
 10173 | D:9      | Reached skill level 5 in Necromancy
 10173 | D:9      | Reached skill level 5 in Translocations
 10173 | D:9      | Reached skill level 5 in Transmutations
 10173 | D:9      | Reached skill level 5 in Fire Magic
 10173 | D:9      | Reached skill level 5 in Air Magic
 10173 | D:9      | Reached skill level 5 in Earth Magic
 10173 | D:9      | Reached skill level 5 in Poison Magic
 10456 | D:9      | Noticed an orange crystal statue
 10681 | D:9      | Noticed an obsidian statue
 10768 | D:9      | You fall into a shaft and drop 1 floor!
 10768 | D:10     | Entered Level 10 of the Dungeon
 10821 | D:9      | Found Ysem's Antique Weapon Shoppe.
 11553 | D:10     | Noticed a two-headed ogre
 11563 | D:10     | Killed a two-headed ogre
 11938 | D:10     | Found a glowing golden altar of the Shining One.
 12321 | D:10     | Noticed Fannar
 12329 | D:10     | Killed Fannar
 12617 | Lair:1   | Entered Level 1 of the Lair of Beasts
 12637 | Lair:1   | Noticed a five-headed hydra
 12659 | Lair:1   | Killed a five-headed hydra
 13081 | Lair:1   | Reached XP level 12. HP: 79/94 MP: 22/22
 13225 | Lair:1   | Noticed a six-headed hydra
 13247 | Lair:1   | Killed a six-headed hydra
 13249 | Lair:1   | Noticed Sonja
 13251 | Lair:1   | Noticed Sonja
 13251 | Lair:1   | Sonja changed into Sonja the blink frog
 13260 | Lair:1   | Killed Sonja the blink frog
 13948 | Lair:1   | Noticed a seven-headed hydra
 13953 | Lair:1   | Killed a seven-headed hydra
 14098 | Lair:2   | Found a staircase to the Swamp.
 14466 | Lair:2   | Identified the +2 leather armour of Words of Power {rC-
                  | rCorr SInv}
 14664 | Lair:2   | Noticed a boulder beetle
 14677 | Lair:2   | Killed a boulder beetle
 14783 | Lair:2   | Found a hole to the Spider Nest.
 14840 | Lair:2   | Noticed a five-headed hydra
 14851 | Lair:2   | Killed a five-headed hydra
 15232 | Lair:2   | Noticed a six-headed hydra
 15242 | Lair:2   | Killed a six-headed hydra
 15479 | Lair:3   | Noticed a seven-headed hydra
 15486 | Lair:3   | Killed a seven-headed hydra
 15886 | Lair:3   | Found a dark tunnel.
 15896 | Volcano  | Entered a volcano
 16143 | Volcano  | Noticed a red draconian
 16162 | Volcano  | Reached XP level 13. HP: 68/101 MP: 11/24
 16396 | Volcano  | Killed a red draconian
 17287 | Volcano  | Noticed an orb of fire
 17397 | Volcano  | Noticed an orb of fire
 18878 | Lair:4   | Found a gate leading to a gauntlet.
 18879 | Lair:4   | You fall into a shaft and drop 2 floors!
 18879 | Lair:6   | Entered Level 6 of the Lair of Beasts
 19808 | Lair:4   | Learned a level 3 spell: Frozen Ramparts
 19812 | Lair:4   | Learned a level 3 spell: Mephitic Cloud
 19817 | Lair:4   | Learned a level 4 spell: Summon Ice Beast
 19822 | Lair:4   | Learned a level 4 spell: Dispel Undead
 19833 | Lair:4   | Found a runed translucent door.
 19847 | Lair:4   | Noticed Lesmeliq's ghost (journeyman HuWn)
 19871 | Lair:4   | Reached skill level 10 in Fighting
 19871 | Lair:4   | Reached skill level 10 in Dodging
 19871 | Lair:4   | Reached XP level 14. HP: 110/110 MP: 19/26
 19974 | Lair:4   | Reached skill level 10 in Ice Magic
 20157 | Lair:4   | Identified a scroll of acquirement
 20157 | Lair:4   | Acquired the Reference Book on Twisted Confrontation
 20164 | Lair:4   | Learned a level 4 spell: Sticky Flame
 21125 | Lair:5   | Reached skill level 10 in Invocations
 23723 | Lair:6   | Found a staircase to the Slime Pits.
 23827 | Lair:6   | Reached skill level 10 in Stealth
 23983 | Lair:6   | Reached XP level 15. HP: 83/117 MP: 17/28
 24501 | Lair:6   | Learned a level 5 spell: Freezing Cloud
 25740 | Lair:6   | Identified the +2 war axe "Giantslayer" {spect, Fragile
                  | +Blink rN+ MP+9}
 25969 | D:11     | Noticed Erolcha
 26279 | D:11     | Noticed Grum
 26297 | D:9      | Reached skill level 10 in Short Blades
 26297 | D:9      | Reached skill level 10 in Long Blades
 26297 | D:9      | Reached skill level 10 in Axes
 26297 | D:9      | Reached skill level 10 in Maces & Flails
 26297 | D:9      | Reached skill level 10 in Polearms
 26297 | D:9      | Reached skill level 10 in Staves
 26297 | D:9      | Reached skill level 10 in Slings
 26297 | D:9      | Reached skill level 10 in Bows
 26297 | D:9      | Reached skill level 10 in Throwing
 26297 | D:9      | Reached skill level 10 in Armour
 26297 | D:9      | Reached skill level 10 in Shields
 26297 | D:9      | Reached skill level 10 in Unarmed Combat
 26297 | D:9      | Reached skill level 10 in Spellcasting
 26297 | D:9      | Reached skill level 10 in Evocations
 26482 | D:10     | Killed Grum
 26740 | D:11     | Killed Erolcha
 27312 | D:11     | Found a staircase to the Orcish Mines.
 27636 | D:11     | Reached ***** piety under Qazlal
 27829 | D:11     | Found a basalt altar of Yredelemnul.
 28519 | Orc:1    | Entered Level 1 of the Orcish Mines
 28519 | Orc:1    | Found Wutsadorch's Overcharged Wands.
 28906 | Orc:2    | Entered Level 2 of the Orcish Mines
 28931 | Orc:2    | Noticed an orc warlord
 28954 | Orc:1    | Killed an orc warlord
 29119 | Orc:2    | Noticed Snorg
 29283 | Orc:1    | Killed Snorg
 30797 | Orc:2    | Found Ciulimat's Antique Armour Emporium.
 30797 | Orc:2    | Found Ryokka Lalat's Magic Scroll Emporium.
 30797 | Orc:2    | Found Ybbeemie's Antique Armour Shoppe.
 30801 | Orc:2    | Found Uddorruz's Distillery.
 30969 | Orc:2    | Found a staircase to the Elven Halls.
 31185 | Orc:2    | Bought a transparent helmet for 247 gold pieces
 31185 | Orc:2    | Identified the +0 helmet "Hobaixil" {+Blink rElec Int-5}
                  | (You bought it in a shop on level 2 of the Orcish Mines)
 31214 | Orc:2    | Bought a pair of embroidered gloves for 255 gold pieces
 31227 | Orc:2    | Bought a runed chain mail for 255 gold pieces
 31393 | Orc:2    | Bought a scroll of fear for 38 gold pieces
 31393 | Orc:2    | Bought a scroll of teleportation for 33 gold pieces
 31393 | Orc:2    | Bought a scroll of fog for 22 gold pieces
 31393 | Orc:2    | Bought a scroll of holy word for 82 gold pieces
 31393 | Orc:2    | Bought a scroll of magic mapping for 38 gold pieces
 31397 | Orc:2    | Bought a potion of heal wounds for 50 gold pieces
 31397 | Orc:2    | Bought a potion of haste for 100 gold pieces
 31397 | Orc:2    | Bought a potion of magic for 80 gold pieces
 31397 | Orc:2    | Bought a potion of magic for 80 gold pieces
 31397 | Orc:2    | Bought a potion of might for 40 gold pieces
 31397 | Orc:2    | Bought a potion of curing for 30 gold pieces
 31429 | Orc:1    | Bought a wand of mindburst (40) for 748 gold pieces
 31787 | Orc:2    | Bought a glowing hat for 182 gold pieces
 33014 | D:13     | Reached XP level 16. HP: 126/126 MP: 25/30
 34934 | D:14     | Found a gate to the Vaults.
 36715 | D:14     | Learned a level 4 spell: Animate Dead
 36724 | D:14     | Learned a level 5 spell: Manifold Assault
 37067 | D:15     | Entered Level 15 of the Dungeon
 37918 | D:15     | Found a staircase to the Depths.
 38300 | Swamp:1  | Entered Level 1 of the Swamp
 38638 | Spider:1 | Entered Level 1 of the Spider Nest
 41231 | Spider:2 | Reached XP level 17. HP: 121/133 MP: 7/32
 41568 | Spider:2 | Noticed Azrael
 41891 | Spider:2 | Noticed Donald
 43008 | Spider:1 | Killed Azrael
 44104 | Spider:2 | Killed Donald
 44525 | Spider:2 | Identified the +10 war axe of Ruination {freeze, rF+ rCorr
                  | Int+10 Stlth-}
 46013 | Spider:3 | Noticed Arachne
 46023 | Spider:3 | Killed Arachne
 46027 | Spider:3 | Noticed Mara
 46076 | Spider:3 | Noticed dolemite99's illusion
 47129 | Swamp:1  | Learned a level 4 spell: Iskenderun's Mystic Blast
 47238 | Swamp:1  | Reached skill level 10 in Conjurations
 47238 | Swamp:1  | Reached skill level 10 in Hexes
 47238 | Swamp:1  | Reached skill level 10 in Summonings
 47238 | Swamp:1  | Reached skill level 10 in Necromancy
 47238 | Swamp:1  | Reached skill level 10 in Translocations
 47238 | Swamp:1  | Reached skill level 10 in Transmutations
 47238 | Swamp:1  | Reached skill level 10 in Fire Magic
 47238 | Swamp:1  | Reached skill level 10 in Air Magic
 47238 | Swamp:1  | Reached skill level 10 in Earth Magic
 47238 | Swamp:1  | Reached skill level 10 in Poison Magic
 50532 | Swamp:3  | Noticed a tentacled monstrosity
 50555 | Swamp:3  | Killed a tentacled monstrosity
 50837 | Swamp:3  | Reached XP level 18. HP: 43/142 MP: 25/34
 51509 | Swamp:4  | Entered Level 4 of the Swamp
 51520 | Swamp:4  | Noticed a tentacled monstrosity
 51536 | Swamp:4  | Killed a tentacled monstrosity
 54224 | Swamp:4  | Got a decaying rune of Zot
 54607 | D:6      | Found an ancient bone altar of Kikubaaqudgha.
 54618 | D:6      | Found a basalt altar of Yredelemnul.
 54634 | D:6      | Found a transporter.
 54636 | D:6      | Found a transporter.
 54730 | D:6      | Found a shadowy altar of Dithmenos.
 55116 | D:6      | Found a hazy altar of Hepliaklqana.
 55167 | D:6      | Found a sacrificial altar of Ru.
 55171 | D:6      | Found a stormy altar of Qazlal.
 55175 | D:6      | Found a glowing silver altar of Zin.
 55361 | D:6      | Killed Menkaure
 55393 | D:6      | Identified the +11 long sword of Sunlight {vorpal, Dex+4}
 55602 | Vaults:1 | Entered Level 1 of the Vaults
 56896 | Vaults:1 | Noticed Asterion
 56907 | Vaults:1 | Killed Asterion
 57105 | Vaults:1 | Noticed Aizul
 57107 | Vaults:1 | Reached skill level 15 in Crossbows
 57995 | Vaults:1 | Noticed Nikola
 58005 | Vaults:1 | Reached XP level 19. HP: 150/150 MP: 7/35
 58021 | Vaults:1 | Killed Nikola
 58717 | Vaults:1 | Killed Aizul
 59383 | Vaults:2 | Reached XP level 20. HP: 158/158 MP: 35/37
 59431 | Vaults:2 | Reached skill level 15 in Ice Magic
 59808 | Vaults:2 | Found a magical portal.
 60085 | Vaults:2 | Found Ennekaja's Book Shop.
 60096 | Vaults:2 | Bought a book of Conjurations for 400 gold pieces
 60102 | Vaults:2 | Learned a level 4 spell: Fulminant Prism
 60738 | Vaults:2 | Learned a level 6 spell: Death Channel
 61217 | Vaults:2 | Found a staircase to the Crypt.
 61275 | Vaults:2 | Found Jagutut's Jewellery Shoppe.
 61281 | Vaults:2 | Bought a ring of poison resistance for 320 gold pieces
 61281 | Vaults:2 | Bought a ring of resist corrosion for 320 gold pieces
 63675 | Vaults:3 | Noticed a golden dragon
 63697 | Vaults:3 | Killed a golden dragon
 63782 | Vaults:3 | HP: 7/159 [ironbound convoker/bolt of acid (14)]
 63782 | Vaults:3 | Killed from afar by a tengu reaver

Illustrated notes

Levels and vault maps discovered:
D:1:      evilmike_arrival_rings, layout_loops_ring,
          ebering_ecumenical_altar_petrified, minivault_27, lemuel_flame_loot_1
D:2:      layout_loops_cross, st_stairs_7,
          nicolae_concentric_dashed_squares_mild, uniq_terence
D:3:      layout_rooms, nemelex_diamond_rough_becter, gup_sewer_entry_spiral,
          uniq_jessica
D:4:      layout_basic, nicolae_gozag_seed_capital, uniq_grinder
D:5:      layout_rooms, cheibrodos_ashenzari_chains,
          minmay_temple_entry_glassed_door, uniq_duvessa
D:6:      layout_basic, mainiacjoe_overflow_six_doors_small,
          worldfamousw_hep_ancestral_shrine, minmay_overflow_temple_star_quad,
          gammafunk_temple_of_torment, skrybe_limestone_x, minmay_manual_maat,
          uniq_eustachio, uniq_edmund
D:7:      wad_crossroads, layout_gridville, lemuel_doored_altar, enter_ossuary_2
D:8:      layout_basic, minmay_misc_feat_columns, minmay_alternating_orb
D:9:      minmay_separated_statues, layout_irregular_city,
          mainiacjoe_overflow_surrounded_room, david_lair_generic, serial_shops,
          shop_fountains
D:10:     layout_gridville, mainiacjoe_overflow_paths, uniq_fannar
D:11:     lemuel_vampire_tower, layout_cave_pools,
          kennysheep_orc_monster_closet_entryway, uniq_erolcha, uniq_grum
D:12:     layout_cross
D:13:     layout_stronghold
D:14:     layout_stronghold, erik_vaults_1
D:15:     grunt_enter_depths_giant_problem, layout_rooms, minivault_11
Lair:1:   layout_regular_city, grunt_megastairs_4, lemuel_fruit_tree,
          lemuel_fruit_fields, uniq_sonja
Lair:2:   layout_misc_corridors, skrybe_swamp_entry_bodies,
          nicolae_spider_entry_non_spiders, chequers_serial_rivers_micro_c,
          serial_bayou_shore_a
Lair:3:   layout_regular_city, nicolae_volcano_entry_two_sided,
          hibernation_bobbens
Lair:4:   layout_regular_city, gauntlet_entry_generic,
          ebering_ghost_reflecting_pool
Lair:5:   layout_regular_city, grunt_megastairs_2
Lair:6:   grunt_lair_end_beastmaster, layout_regular_city,
          nicolae_slime_entry_slimehenge
Swamp:1:  layout_falls_marsh, nicolae_swamp_oxbows, swamp_pool4
Swamp:2:  layout_basic_swamp, evilmike_swamp_ruin_house_3
Swamp:3:  layout_falls_marsh, nicolae_swamp_feature_on_the_river_bank
Swamp:4:  swamp_basic_johnstein, layout_basic_swamp
Spider:1: layout_cave_pods, hangedman_spider_tarantella_strand
Spider:2: layout_spider_delve, uniq_donald, uniq_azrael
Spider:3: layout_spider_delve, hellmonk_deceptive_appearances, uniq_arachne,
          uniq_mara
Orc:1:    layout_caves, nicolae_shop_overcharged_wands
Orc:2:    st_orc_mages, layout_caves, uniq_snorg
Vaults:1: v_pattern_2, grunt_vaults_trifunnel, vaults_mumra_hex,
          vaults_room_door_ring, v_misc_14, vaults_dpeg_spiral,
          vaults_room_grid, st_cells, ontoclasm_vaults_pinch,
          layout_vaults_omnigrid, uniq_nikola, uniq_aizul, uniq_asterion
Vaults:2: lightli_enter_wizlab_magi_temple, v_alt_pattern_1,
          nicolae_vaults_three_branches, vaults_dpeg_ring,
          nicolae_vaults_asterisk, minmay_crypt_entry_simple_round,
          ontoclasm_vaults_gateway, nicolae_vaults_little_ls,
          nicolae_vaults_network_star, vaults_room_grid, v_misc_33,
          vaults_standard_mumra_lines, nicolae_vaults_border_crossing,
          layout_vaults_ring, serial_shops, shop, nicolae_shop_waterfront
Vaults:3: portal_desolation_entry_nicolae_slug, nicolae_vaults_alarming,
          v_misc_4, vaults_room_door_ring, nicolae_vaults_little_squares_3,
          nicolae_vaults_network_square, hangedman_vaults_slice,
          v_alt_pattern_5, grunt_vaults_diagonal, hangedman_vaults_maws,
          grunt_vaults_hallway_short, vaults_dpeg_hooks,
          nicolae_vaults_ring_of_whatevers, layout_vaults_omnibox

Skill      XL: |  1  2  3  4  5  6  7  8  9 10 11 12 13 14 15 16 17 18 19 20 |
---------------+-------------------------------------------------------------+-----
Invocations    | 1 2 3 4 5 6 7 8 9 10 11 12 13 14 | 14.6
Short Blades   | 1 2 3 4 5 6 7 8 9 10 11 12 13 | 13.5
Long Blades    | 1 2 3 4 5 6 7 8 9 10 11 12 13 | 13.5
Axes           | 1 2 3 4 5 6 7 8 9 10 11 12 13 | 13.5
Maces & Flails | 1 2 3 4 5 6 7 8 9 10 11 12 13 | 13.5
Polearms       | 1 2 3 4 5 6 7 8 9 10 11 12 13 | 13.5
Staves         | 1 2 3 4 5 6 7 8 9 10 11 12 13 | 13.5
Slings         | 1 2 3 4 5 6 7 8 9 10 11 12 13 | 13.5
Bows           | 1 2 3 4 5 6 7 8 9 10 11 12 13 | 13.5
Throwing       | 1 2 3 4 5 6 7 8 9 10 11 12 13 | 13.5
Armour         | 1 2 3 4 5 6 7 8 9 10 11 12 13 | 13.5
Shields        | 1 2 3 4 5 6 7 8 9 10 11 12 13 | 13.5
Unarmed Combat | 1 2 3 4 5 6 7 8 9 10 11 12 13 | 13.5
Spellcasting   | 1 2 3 4 5 6 7 8 9 10 11 12 13 | 13.5
Evocations     | 1 2 3 4 5 6 7 8 9 10 11 12 13 | 13.5
Conjurations   | 1 2 3 4 5 6 7 8 9 10 11 | 11.4
Hexes          | 1 2 3 4 5 6 7 8 9 10 11 | 11.4
Summonings     | 1 2 3 4 5 6 7 8 9 10 11 | 11.4
Necromancy     | 1 2 3 4 5 6 7 8 9 10 11 | 11.4
Translocations | 1 2 3 4 5 6 7 8 9 10 11 | 11.4
Transmutations | 1 2 3 4 5 6 7 8 9 10 11 | 11.4
Fire Magic     | 1 2 3 4 5 6 7 8 9 10 11 | 11.4
Ice Magic      | 1 2 3 4 5 7 8 9 10 11 12 13 14 15 | 15.4
Air Magic      | 1 2 3 4 5 6 7 8 9 10 11 | 11.4
Earth Magic    | 1 2 3 4 5 6 7 8 9 10 11 | 11.4
Poison Magic   | 1 2 3 4 5 6 7 8 9 10 11 | 11.4
Stealth        | 3 4 5 6 7 8 9 10 11 12 13 | 13.7
Fighting       | 5 6 7 8 9 10 11 12 13 14 | 14.2
Dodging        | 5 6 7 8 9 10 11 12 13 14 | 14.2
Crossbows      | 9 10 11 12 13 14 15 | 15.7

Action                   |  1- 3 |  4- 6 |  7- 9 | 10-12 | 13-15 | 16-18 | 19-21 || total
-------------------------+-------+-------+-------+-------+-------+-------+-------++-------
Melee: Rapier            |       |       |     4 |     4 |     4 |       |       ||    12
       Bite              |       |       |       |     1 |     1 |    32 |    10 ||    44
       Staff             |       |       |       |       |       |   146 |       ||   146
       War axe           |       |       |       |       |       |    10 |       ||    10
       Dagger            |       |       |       |       |       |     2 |       ||     2
       Broad axe         |       |       |       |       |       |     2 |       ||     2
       Trident           |       |       |       |       |       |     1 |    25 ||    26
       Demon trident     |       |       |       |       |       |       |    13 ||    13
 Fire: Hand crossbow     |    57 |   145 |   288 |   591 |  1278 |   611 |   227 ||  3197
Throw: Stone             |       |     2 |     2 |     1 |     8 |       |       ||    13
       Dart              |       |       |       |     3 |     2 |     7 |       ||    12
       Throwing net      |       |       |       |       |     2 |       |     1 ||     3
       Boomerang         |       |       |       |       |       |    95 |       ||    95
 Cast: Apportation       |       |       |    12 |       |     3 |     2 |       ||    17
       Corpse Rot        |       |       |       |     4 |     6 |       |       ||    10
       Mephitic Cloud    |       |       |       |       |    51 |    73 |    19 ||   143
       Sticky Flame      |       |       |       |       |   116 |   186 |    44 ||   346
       Frozen Ramparts   |       |       |       |       |    34 |    58 |    18 ||   110
       Animate Dead      |       |       |       |       |       |    22 |     6 ||    28
       Manifold Assault  |       |       |       |       |       |    11 |       ||    11
       Summon Ice Beast  |       |       |       |       |       |    18 |       ||    18
       Freezing Cloud    |       |       |       |       |       |    24 |     8 ||    32
       Dispel Undead     |       |       |       |       |       |     6 |       ||     6
       Fulminant Prism   |       |       |       |       |       |       |     7 ||     7
Invok: Upheaval          |       |     1 |     4 |    13 |    27 |     5 |     1 ||    51
       Elemental Force   |       |       |       |    11 |    13 |    26 |     7 ||    57
Evoke: Wand              |       |       |     2 |    20 |    15 |    80 |    31 ||   148
       Phial of floods   |       |       |       |       |     1 |     8 |     3 ||    12
       Phantom mirror    |       |       |       |       |       |     8 |     5 ||    13
       Lightning rod     |       |       |       |       |       |    16 |    14 ||    30
  Use: Scroll            |       |    14 |    12 |     5 |    23 |    23 |     5 ||    82
       Potion            |       |       |       |     1 |    19 |    15 |     8 ||    43
 Stab: Paralysed         |       |       |       |       |       |     5 |       ||     5
       Distracted        |       |       |       |       |       |     2 |       ||     2
       Confused          |       |       |       |       |       |     1 |       ||     1
Armor: Leather armour    |     6 |       |       |       |       |       |       ||     6
       Scale mail        |     3 |       |       |       |       |       |       ||     3
       Ring mail         |       |    25 |    49 |   125 |   473 |   348 |    68 ||  1088
       Swamp dragon scal |       |       |       |       |       |    14 |       ||    14
Dodge: Dodged            |    17 |    25 |    73 |   222 |   698 |   431 |    87 ||  1553
       Repelled          |       |       |       |       |     3 |     3 |     7 ||    13
Block: Orb               |       |     4 |     3 |       |       |       |       ||     7
       Buckler           |       |       |    68 |   266 |   814 |   252 |       ||  1400
       Reflection        |       |       |       |       |       |    37 |    20 ||    57
       Kite shield       |       |       |       |       |       |   399 |   174 ||   573

Table legend: (Time is in decaauts)
 A = Elapsed time spent in this place.
 B = Non-inter-level travel time spent in this place.
 C = Inter-level travel time spent in this place.
 D = Time resting spent in this place.
 E = Time spent auto-exploring this place.
 F = Levels seen in this place.
 G = Mean time per level.
                   A        B        C        D        E       F      G
               +--------+--------+--------+--------+--------+-----+--------+
         Total |  64624 |  61303 |   3321 |  24823 |  25618 |  36 | 1795.1 |
       Dungeon |  22380 |  20302 |   2078 |   5869 |  10871 |  15 | 1492.0 |
          Lair |  13604 |  13134 |    470 |   4949 |   5410 |   6 | 2267.3 |
         Swamp |   7883 |   7703 |    180 |   4267 |   2105 |   4 | 1970.8 |
   Spider Nest |   6821 |   6594 |    227 |   3281 |   2457 |   3 | 2273.7 |
  Orcish Mines |   3284 |   3045 |    239 |   1562 |    891 |   2 | 1642.0 |
        Vaults |   8038 |   7914 |    124 |   3643 |   3049 |   3 | 2679.3 |
         Sewer |    768 |    768 |      0 |     58 |    572 |   1 |  768.0 |
       Ossuary |    224 |    224 |      0 |      2 |    132 |   1 |  224.0 |
       Volcano |   1619 |   1619 |      0 |   1190 |    128 |   1 | 1619.0 |
               +--------+--------+--------+--------+--------+-----+--------+

Top non-repeatable levels by time:
Spider:1: 4575 daAuts
Vaults:2: 3808 daAuts
Vaults:1: 3375 daAuts
    D:14: 3214 daAuts
  Lair:2: 3024 daAuts
  Lair:6: 2775 daAuts
 Swamp:3: 2713 daAuts
     D:6: 2360 daAuts
  Lair:4: 2258 daAuts
    D:11: 2254 daAuts
     D:9: 2196 daAuts
 Swamp:4: 2163 daAuts
  Lair:3: 2113 daAuts
 Swamp:1: 2025 daAuts
Spider:2: 2004 daAuts
